 Dungeon Crawl Stone Soup version 0.30-a0-1112-gfb780f5df6 (webtiles) character file.

Game seed: 16374581491514696745

43456 meatpath the Warrior (level 13, 0/132 HPs)
             Began as a Minotaur Berserker on Apr 19, 2023.
             Was a High Priest of Trog.
             Slain by a komodo dragon (1 damage)
             ... on level 4 of the Lair of Beasts.
             The game lasted 01:04:48 (15961 turns).

meatpath the Warrior (Minotaur Berserker)          Turns: 15961, Time: 01:04:48

Health: 0/132      AC: 25    Str: 26    XL:     13   Next: 90%
Magic:  12/12      EV: 11    Int:  4    God:    Trog [*****.]
Gold:   1225       SH:  0    Dex: 11    Spells: 12/12 levels left

rFire   + + .      SeeInvis .    R - +4 broad axe (heavy)
rCold   . . .      Faith    .    (no shield)
rNeg    . . .      Spirit   .    X - +2 plate armour {rF+}
rPois   .          Reflect  .    (helmet restricted)
rElec   .          Rampage  .    o - scarf {repulsion}
rCorr   +                        I - +0 pair of gloves
Will    .....                    p - +2 pair of boots Stlth
                                 z - amulet of the acrobat
HPRegen 0.42/turn                F - ring of protection from fire
MPRegen 0.13/turn                r - ring of resist corrosion

@: repel missiles, unable to read
A: horns 2, retaliatory headbutt, iridescent scales 1, inability to read after
injury 1, MP-powered wands
a: Renounce Religion, Berserk, Trog's Hand, Brothers in Arms


You were on level 4 of the Lair of Beasts.
You worshipped Trog.
Trog was extremely pleased with you.
You visited 2 branches of the dungeon, and saw 15 of its levels.
You also visited: Volcano.

You collected 1225 gold pieces.

Inventory:

Hand Weapons
 a - a +5 morningstar
 e - a +2 spear of flaming
 E - a +0 battleaxe
 H - a +2 war axe of flaming
 R - a +4 heavy broad axe (weapon)
Missiles
 i - 2 throwing nets (quivered)
 Q - 4 curare-tipped darts
Armour
 o - a scarf of repulsion (worn)
 p - a +2 pair of boots (worn)
 C - a +3 plate armour
 I - a +0 pair of gloves (worn)
 X - a +2 plate armour of fire resistance (worn)
Jewellery
 r - a ring of resist corrosion (right hand)
 z - an amulet of the acrobat (around neck)
 F - a ring of protection from fire (left hand)
 K - the ring "Gyshros" {rElec rPois rF+++ MP+9 Slay-3}
   (You took it off a salamander on level 10 of the Dungeon)

   [ring of magical power]

   Slay:      It affects your accuracy & damage with ranged weapons and melee
   (-3).
   rF:        It renders you almost immune to fire.
   rElec:     It insulates you from electricity.
   rPois:     It protects you from poison.
   MP:        It affects your magic capacity (+9).
 L - the ring "Nuuhaev" {rC+ Int+4}
   (You found it on level 10 of the Dungeon)

   [ring of protection from cold]

   Int:       It affects your intelligence (+4).
   rC:        It protects you from cold.
 M - the ring "Cihuoz" {Wiz Fly rF- Int+3 Dex-3}
   (You found it on level 10 of the Dungeon)

   [ring of wizardry]

   It improves your spell success rate.
   Int:       It affects your intelligence (+3).
   Dex:       It affects your dexterity (-3).
   rF:        It makes you vulnerable to fire.
   Fly:       It grants you flight.
 N - the ring of Lust {Contam rN+++ Will+ Int-3 Dex+6}
   (You found it on level 10 of the Dungeon)

   [ring of willpower]

   Int:       It affects your intelligence (-3).
   Dex:       It affects your dexterity (+6).
   rN:        It renders you almost immune to negative energy.
   Contam:    It causes magical contamination when unequipped.
   Will:      It increases your willpower.
 T - an amulet of regeneration
Wands
 s - a wand of charming (22)
 u - a wand of iceblast (21)
 A - a wand of quicksilver (12)
 B - a wand of flame (7)
 G - a wand of mindburst (9)
 J - a wand of digging (17)
 V - a wand of polymorph (3)
Scrolls
 b - a scroll of blinking {unknown}
 g - a scroll of magic mapping
 k - 3 scrolls of torment
 m - 2 scrolls of teleportation {unknown}
 n - 2 scrolls of fog {unknown}
 v - 2 scrolls of fear
 w - 6 scrolls of immolation
 x - 2 scrolls of enchant weapon {unknown}
 y - a scroll of amnesia {unknown}
 D - 3 scrolls of poison {unknown}
 U - a scroll of butterflies {unknown}
Potions
 c - 6 potions of might
 d - 4 potions of mutation
 f - 4 potions of berserk rage
 h - a potion of cancellation
 j - 8 potions of heal wounds
 l - 2 potions of flight
 q - 4 potions of attraction
 t - 5 potions of curing
 O - 2 potions of degeneration
 P - a potion of invisibility
 W - a potion of haste
 Y - 2 potions of lignification


   Skills:
 + Level 17.0 Fighting
 + Level 17.0 Axes
 + Level 13.1 Armour
 - Level 10.5 Dodging


You had 12 spell levels left.
You didn't know any spells.
Your spell library was empty.

Dungeon Overview and Level Annotations

Branches:
Dungeon (11/15)            Temple (0/1) D:6            Lair (4/5) D:11
  Swamp (0/4) Lair:2        Snake (0/4) Lair:3      Volcano (visited)
  Slime: Lair:4-5       Orc: D:9-12

Altars:
Ashenzari
Elyvilon
Fedhas
Gozag
Hepliaklqana
Kikubaaqudgha
Makhleb
Nemelex Xobeh
Sif Muna
Vehumet
Wu Jian
Xom
Yredelemnul

Shops:
D:6 =   D:10 (


Innate Abilities, Weirdness & Mutations

You have a pair of horns on your head.
You reflexively headbutt those who attack you in melee.
You are partially covered in iridescent scales. (AC +2)
You occasionally lose the ability to read scrolls when taking damage.
You expend magic power (3 MP) to strengthen your wands.


Message History

You cannot read scrolls in your current state!
You feel much better.
The dream sheep bites you but does no damage.
The dream sheep bites you.
* * * LOW HITPOINT WARNING * * *
The komodo dragon bites you!
* * * LOW HITPOINT WARNING * * *
You feel much better.
The dream sheep bites you but does no damage. x2
The komodo dragon bites you!!
* * * LOW HITPOINT WARNING * * *
The dream sheep attacks as you move away!
The dream sheep closely misses you.
The dream sheep attacks as you move away!
The dream sheep closely misses you. You furiously retaliate!
You headbutt the dream sheep.
The komodo dragon hisses menacingly.
The dream sheep shake their wool and sparkle.
You feel drowsy...
You fall asleep.
The dream sheep bites you but does no damage.
The dream sheep bites you!
You wake up.
* * * LOW HITPOINT WARNING * * *
The dream sheep bites the fungus!
The fungus begins to die.
The komodo dragon hisses menacingly.
The komodo dragon bites you but does no damage.
The dream sheep attacks as you move away!
The dream sheep bites you but does no damage.
The water moccasin bites the fungus.
The water moccasin bites the fungus!
The fungus is poisoned.
The water moccasin poisons the fungus!
The dream sheep attacks as you move away!
The dream sheep misses you.
The dream sheep attacks as you move away!
The dream sheep misses you.
A nearby fungus withers and dies.
The dream sheep are wreathed in dream dust.
You feel drowsy...
You fall asleep.
The dream sheep bites you!!
You wake up.
* * * LOW HITPOINT WARNING * * *
The komodo dragon bites you.
You die...

##.## #####.[.## #
#.......P#### ##### #
##........#.# #.#.##### ##
##..........## #.....#.# #.
#P..........# ##......####.
#...........###.##.....P#..
#............###.##........
##........@YYY.........##..
##.......Sl.Y....#..#####.
#P........<#.P.##### #.
#####....#(##### #.
###...## #. #P..## .. ##.##
.. ##..# ### #(.##


You could see a komodo dragon, a water moccasin and 4 dream sheep.

Vanquished Creatures
  Gastronok (D:9)
  2 hydras
  An ogre mage (D:10)
  3 boulder beetles
  A centaur warrior (Volcano)
  4 two-headed ogres
  Erica (D:8)
  A hell knight (Volcano)
  Sonja (D:10)
  A skyshark (Lair:2)
  3 bog bodies (Lair:2)
  An obsidian statue (Volcano)
  A necromancer (Lair:3)
  Pikel (D:8)
  A deep elf pyromancer (D:10)
  The ghost of Palms the Conjurer, a novice HuCj of Sif Muna (D:8)
  A manticore (D:10)
  2 ugly things (D:10)
  2 cyclopes (D:11)
  A salamander (shapeshifter) (D:10)
  9 elephants
  Joseph (D:10)
  A gargoyle (D:11)
  Maurice (D:9)
  Maggie (D:8)
  A yaktaur (Volcano)
  6 cane toads
  3 unseen horrors
  A kobold demonologist (D:9)
  2 komodo dragons (Lair:2)
  A rime drake (Lair:1)
  A tengu conjurer (D:10)
  2 polar bears
  7 trolls
  Prince Ribbit (D:6)
  5 blink frogs (Lair:2)
  A hornet (D:8)
  A wraith (D:8)
  3 shadows
  3 wyverns
  3 basilisks
  4 fire bats (Volcano)
  34 yaks
  A steam dragon (D:9)
  Menkaure (D:6)
  A vampire mosquito (D:10)
  A swamp worm (Lair:2)
  2 nagas (Lair:3)
  3 acid dragons (D:9)
  14 water moccasins
  7 orc warriors
  3 ice beasts
  A sky beast (D:8)
  5 black bears
  An ogre (D:7)
  11 centaurs
  5 kobold brigands
  2 phantoms (D:5)
  9 bullfrogs
  A gnoll sergeant (D:10)
  Blork the orc (D:4)
  5 scorpions
  17 wights
  7 killer bees
  5 electric eels
  4 howler monkeys
  4 hounds
  6 lava snakes (Volcano)
  3 jellies
  8 orc priests
  2 gnoll boudas
  A sleepcap (D:6)
  Ijyb (D:4)
  16 orc wizards
  2 iguanas
  4 yak simulacra (Lair:3)
  A polar bear simulacrum (Lair:3)
  4 wolf simulacra (Lair:3)
  18 gnolls
  9 adders
  2 shadow imps
  A white imp (D:7)
  An ufetubus (D:5)
  4 worms
  2 dart slugs (D:3)
  28 orcs
  6 bats
  10 endoplasms
  3 giant cockroaches
  9 goblins
  15 hobgoblins
  8 jackals
  2 quokkas
  7 ball pythons
  6 frilled lizards
  16 kobolds
  8 rats
  2 river rat simulacra (Lair:3)
438 creatures vanquished.

Vanquished Creatures (others)
  15 fungi
  10 plants
  5 toadstools (D:1)
30 creatures vanquished.

Grand Total: 468 creatures vanquished

Notes
Turn   | Place    | Note
-------+----------+-------------------------------------------
     0 | D:1      | meatpath the Minotaur Berserker began the quest for the
                  | Orb.
     0 | D:1      | Reached XP level 1. HP: 19/19 MP: 0/0
   165 | D:1      | Reached XP level 2. HP: 23/27 MP: 1/1
   385 | D:1      | Found a faded altar of an unknown god.
   434 | D:1      | Reached ** piety under Trog
   612 | D:2      | Reached XP level 3. HP: 27/33 MP: 2/2
  1320 | D:2      | Reached XP level 4. HP: 41/41 MP: 3/3
  1396 | D:2      | Gained mutation: You expend magic power (3 MP) to
                  | strengthen your wands. [potion of mutation]
  1396 | D:2      | Gained mutation: You occasionally lose the ability to read
                  | scrolls when taking damage. [potion of mutation]
  1396 | D:2      | Gained mutation: You are partially covered in iridescent
                  | scales. (AC +2) [potion of mutation]
  1748 | D:3      | Reached skill level 5 in Fighting
  1751 | D:3      | Reached skill level 5 in Axes
  1751 | D:3      | Reached XP level 5. HP: 48/48 MP: 4/4
  1910 | D:3      | Reached *** piety under Trog
  2298 | D:3      | Upgraded the game from 0.30-a0-1103-g25895a7845 to
                  | 0.30-a0-1112-gfb780f5df6
  2473 | D:4      | Reached XP level 6. HP: 53/56 MP: 5/5
  2526 | D:4      | Found an ornate altar of the Wu Jian Council.
  2555 | D:4      | Noticed Ijyb
  2576 | D:4      | Killed Ijyb
  2577 | D:4      | Reached skill level 5 in Armour
  2608 | D:4      | Noticed Blork the orc
  2623 | D:4      | Killed Blork the orc
  2891 | D:4      | Reached XP level 7. HP: 41/64 MP: 6/6
  3060 | D:4      | Found a burning altar of Makhleb.
  3215 | D:5      | Entered Level 5 of the Dungeon
  3299 | D:5      | Reached **** piety under Trog
  3705 | D:5      | Reached XP level 8. HP: 73/73 MP: 7/7
  4258 | D:6      | Noticed Prince Ribbit
  4266 | D:6      | Killed Prince Ribbit
  4552 | D:6      | Noticed Menkaure
  4560 | D:6      | Killed Menkaure
  4759 | D:6      | Found a staircase to the Ecumenical Temple.
  4780 | D:6      | Found Mykyi's One-of-a-Kind Rings.
  4892 | D:6      | Reached XP level 9. HP: 82/82 MP: 8/8
  5343 | D:7      | Noticed a troll
  5354 | D:7      | Killed a troll
  5713 | D:7      | Reached skill level 10 in Fighting
  5713 | D:7      | Reached skill level 10 in Axes
  6226 | D:8      | Reached skill level 10 in Armour
  6590 | D:8      | Found a sparkling altar of Nemelex Xobeh.
  6594 | D:8      | Found an opulent altar of Gozag.
  6601 | D:8      | Found a white marble altar of Elyvilon.
  6608 | D:8      | Found a radiant altar of Vehumet.
  6616 | D:8      | Found a hazy altar of Hepliaklqana.
  6624 | D:8      | Found an ancient bone altar of Kikubaaqudgha.
  6629 | D:8      | Found a blossoming altar of Fedhas.
  6655 | D:8      | Found a runed translucent gate.
  6656 | D:8      | Found a runed translucent gate.
  6657 | D:8      | Found a runed translucent gate.
  6659 | D:8      | Noticed Palms's ghost (novice HuCj)
  6677 | D:8      | Noticed Pikel
  6689 | D:8      | Reached XP level 10. HP: 84/94 MP: 9/9
  6704 | D:8      | Killed Pikel
  6920 | D:8      | Noticed Erica
  6938 | D:8      | Killed Erica
  7055 | D:8      | Found a shimmering altar of Xom.
  7057 | D:8      | Found a white marble altar of Elyvilon.
  7057 | D:8      | Found a basalt altar of Yredelemnul.
  7059 | D:8      | Found a shimmering blue altar of Sif Muna.
  7059 | D:8      | Found a white marble altar of Elyvilon.
  7059 | D:8      | Found a blossoming altar of Fedhas.
  7268 | D:8      | Noticed Maggie
  7281 | D:8      | Killed Maggie
  7643 | D:8      | Killed Palms's ghost
  8014 | D:9      | Noticed Maurice
  8032 | D:9      | Killed Maurice
  8173 | D:9      | Noticed a two-headed ogre
  8173 | D:9      | Noticed Gastronok
  8177 | D:9      | Reached ***** piety under Trog
  8211 | D:9      | Killed a two-headed ogre
  8212 | D:9      | Reached XP level 11. HP: 105/105 MP: 10/10
  8247 | D:9      | Killed Gastronok
  8361 | D:9      | Noticed a two-headed ogre
  8377 | D:9      | Killed a two-headed ogre
  8661 | D:9      | Found a broken altar of Ashenzari.
  9069 | D:10     | Entered Level 10 of the Dungeon
  9180 | D:10     | Noticed Joseph
  9201 | D:10     | Killed Joseph
  9360 | D:10     | Noticed a two-headed ogre
  9371 | D:10     | Killed a two-headed ogre
  9681 | D:10     | Found a shimmering blue altar of Sif Muna.
 10071 | D:10     | Noticed a two-headed ogre
 10079 | D:10     | Killed a two-headed ogre
 10195 | D:10     | Found a runed translucent door.
 10195 | D:10     | Found a runed translucent door.
 10195 | D:10     | Found a runed translucent door.
 10195 | D:10     | Noticed an eight-headed hydra
 10195 | D:10     | Noticed an ogre mage
 10199 | D:10     | Noticed a deep elf pyromancer
 10200 | D:10     | Noticed a boulder beetle
 10204 | D:10     | Killed a deep elf pyromancer
 10204 | D:10     | Noticed a brown ugly thing
 10204 | D:10     | Noticed a white ugly thing
 10206 | D:10     | Noticed a boulder beetle
 10207 | D:10     | Identified the ring "Gyshros" {rElec rPois rF+++ MP+9
                  | Slay-3}
 10208 | D:10     | Killed a boulder beetle
 10209 | D:10     | Reached XP level 12. HP: 117/117 MP: 11/11
 10225 | D:10     | Reached skill level 5 in Dodging
 10240 | D:10     | Killed a boulder beetle
 10316 | D:10     | Identified the ring "Nuuhaev" {rC+ Int+4}
 10325 | D:10     | Identified the ring "Cihuoz" {Wiz Fly rF- Int+3 Dex-3}
 10328 | D:10     | Identified the ring of Lust {Contam rN+++ Will+ Int-3
                  | Dex+6}
 10632 | D:10     | Found Luovij's Weapon Boutique.
 10670 | D:10     | Noticed Sonja
 10673 | D:10     | Killed Sonja
 10979 | D:10     | Killed a five-headed hydra
 10982 | D:10     | Killed an ogre mage
 10991 | D:10     | Received a gift from Trog
 11184 | D:11     | Reached skill level 15 in Fighting
 11184 | D:11     | Reached skill level 15 in Axes
 11506 | D:11     | Noticed a boulder beetle
 11528 | D:11     | Killed a boulder beetle
 11810 | D:11     | Found a staircase to the Lair.
 12580 | Lair:1   | Entered Level 1 of the Lair of Beasts
 12745 | Lair:1   | Identified the +0 chain mail of Puimuse {Str+3 Dex+3}
 12797 | Lair:1   | Reached XP level 13. HP: 127/127 MP: 12/12
 13172 | Lair:1   | Found a dark tunnel.
 13179 | Volcano  | Entered a volcano
 13316 | Volcano  | Found a bloodstained altar of Trog.
 14384 | Lair:2   | Received a gift from Trog
 14516 | Lair:2   | Reached skill level 10 in Dodging
 14661 | Lair:2   | Found a staircase to the Swamp.
 15253 | Lair:3   | Found a staircase to the Snake Pit.
 15961 | Lair:4   | HP: 1/132 [dream sheep (26)]
 15961 | Lair:4   | Slain by a komodo dragon

Illustrated notes

Levels and vault maps discovered:
D:1:      ldierk_walled_garden, layout_basic, shapermc_ecumenical_altar_pompeii,
          nicolae_concentric_dashed_squares_mild
D:2:      layout_loops_ring
D:3:      layout_basic, st_stairs_8
D:4:      layout_basic, general_overflow_altar, mainiacjoe_overflow_alcove_4,
          uniq_blork_the_orc, uniq_ijyb
D:5:      layout_cave_pools
D:6:      layout_basic, minmay_temple_entry_purple_smoke, serial_bayou_pond_d,
          hangedman_decor_push, nicolae_shop_unique_rings, uniq_menkaure,
          uniq_prince_ribbit1
D:7:      layout_gridville
D:8:      layout_basic, doesnt_xom_only_xom, grunt_temple_overflow_octagram,
          gammafunk_ghost_spectres, uniq_pikel, uniq_maggie, uniq_erica
D:9:      layout_rooms, nicolae_ashenzari_skybound, kennysheep_kite_vault,
          uniq_gastronok, uniq_maurice
D:10:     minmay_the_grid_triangle_9x9_rhombus_thin
          [minmay_the_grid_triangle_9x9_windchime,
          minmay_the_grid_triangle_9x9_prize_special,
          minmay_the_grid_triangle_9x9_semitri,
          minmay_the_grid_triangle_9x9_fully_insulated_deathbox],
          layout_loops_ring, kennysheep_orc_sif_temple, serial_shops,
          nicolae_shop_hallway_stairs, uniq_sonja, uniq_joseph
D:11:     layout_basic, grunt_lair_entry_orc_guard_hut, gauntlet_entry_generic,
          nrook_pool_corridor, grunt_ministairs_4, hex_large,
          minmay_fractal_squares_gapless_5
Lair:1:   layout_loops_ring, nicolae_volcano_entry_hallway, grunt_megastairs_1
Lair:2:   layout_chaotic_city, nicolae_swamp_entry_splash_gauntlet,
          beast_lair_carwin_11, infiniplex_staircase_pool
Lair:3:   nzn_winding_woodlands_huge [nzn_winding_woodlands_5x15_pathside_ponds,
          nzn_winding_woodlands_5x15_pockets, nzn_winding_woodlands_5x15_pool,
          nzn_winding_woodlands_5x15_crooked, nzn_winding_woodlands_5x15_twine,
          nzn_winding_woodlands_5x15_sawtooth,
          nzn_winding_woodlands_5x15_jagged, nzn_winding_woodlands_5x15_garden,
          nzn_winding_woodlands_5x15_eye, nzn_winding_woodlands_5x15_longhouse,
          nzn_winding_woodlands_center_pierced_h,
          nzn_winding_woodlands_center_diamonds,
          nzn_winding_woodlands_15x15_killbox], layout_cave_pods,
          minmay_snake_entry_guardpost_small, eino_house_with_fridge, uniq_snorg
Lair:4:   minmay_lair_oklob_chamber, layout_cave_pods,
          nicolae_slime_entry_field_trip, nicolae_quartered_pool_little

Skill      XL: |  1  2  3  4  5  6  7  8  9 10 11 12 13 |
---------------+----------------------------------------+-----
Fighting       | 4 5 6 7 8 10 12 14 15 17 | 17.0
Axes           | 4 5 6 7 8 10 12 14 15 17 | 17.0
Armour         | 3 4 5 6 8 10 12 13 | 13.1
Dodging        | 4 8 10 | 10.5

Action                     |  1- 3 |  4- 6 |  7- 9 | 10-12 | 13-15 || total
---------------------------+-------+-------+-------+-------+-------++-------
  Melee: Hand axe          |    59 |       |       |       |       ||    59
         Headbutt          |    15 |    22 |    41 |   104 |    44 ||   226
         Spear             |    48 |   159 |   112 |       |       ||   319
         Punch             |     1 |       |     1 |     2 |     2 ||     6
         Morningstar       |       |       |    24 |       |       ||    24
         Battleaxe         |       |       |   106 |   385 |       ||   491
         Broad axe         |       |       |       |    64 |   185 ||   249
         War axe           |       |       |       |    29 |     4 ||    33
 Invoke: Berserk           |     1 |     4 |     4 |     9 |     1 ||    19
    Use: Potion            |       |     2 |       |       |     2 ||     4
         Scroll            |       |       |     7 |     6 |     5 ||    18
   Stab: Sleeping          |     3 |     2 |       |       |       ||     5
 Armour: Animal skin       |    14 |    15 |       |       |       ||    29
         Chain mail        |       |    39 |    77 |       |       ||   116
         Plate armour      |       |       |    83 |   307 |   149 ||   539
  Dodge: Dodged            |    58 |    43 |   143 |   265 |   156 ||   665
         Repelled          |       |       |       |     3 |     7 ||    10

Table legend: (Time is in decaauts)
 A = Elapsed time spent in this place.
 B = Non-inter-level travel time spent in this place.
 C = Inter-level travel time spent in this place.
 D = Time resting spent in this place.
 E = Time spent auto-exploring this place.
 F = Levels seen in this place.
 G = Mean time per level.
                   A        B        C        D        E       F      G
               +--------+--------+--------+--------+--------+-----+--------+
         Total |  16252 |  15874 |    378 |   3874 |   8419 |  16 | 1015.8 |
       Dungeon |  12799 |  12486 |    313 |   3275 |   6422 |  11 | 1163.5 |
          Lair |   2998 |   2933 |     65 |    463 |   1899 |   4 |  749.5 |
       Volcano |    454 |    454 |      0 |    135 |     97 |   1 |  454.0 |
               +--------+--------+--------+--------+--------+-----+--------+

Top non-repeatable levels by time:
    D:10: 2125 daAuts
     D:8: 1777 daAuts
    D:11: 1437 daAuts
  Lair:2: 1273 daAuts
     D:9: 1146 daAuts
     D:6: 1091 daAuts
     D:4: 1075 daAuts
     D:7: 1057 daAuts
     D:2: 1051 daAuts
  Lair:1: 933 daAuts
     D:5: 758 daAuts
     D:3: 669 daAuts
  Lair:3: 629 daAuts
     D:1: 611 daAuts
 Volcano: 454 daAuts
